Map: Orbital Shipyard

Players

wabbajack

  • Race: Zerg Zerg
  • League: Gold

Curiace - Winner!

  • Race: Zerg Zerg
  • League: Bronze

VOD

Have the link to the VOD?

Description

Time

  • Played on: July 19, 2015, 1:50 p.m.
  • Length: 16:36
Show
View Real Time Build Order
Export as new Build Order

wabbajack Zerg 

Build Orders: Hatch First 

Get SALT Encoding   

  12  0:02  Drone  
  13  0:14  Overlord  
  13  0:17  Drone  
  14  0:22  Extractor  
  14  0:23  Drone  
  15  0:34  Drone  
  16  0:37  Drone  
  17  0:54  Hatchery  
  16  0:58  Drone  
  16  0:59  Extractor  
  16  1:01  Drone  
  17  1:08  Drone  
  18  1:28  Spawning Pool  
  18  1:29  Drone  
  18  1:31  Drone  
  19  1:40  Overlord  
  19  1:55  Drone  
  20  2:02  Drone  
  20  2:06  Drone  
  22  2:14  Queen  
  22  2:15  Queen  
  26  2:16  Metabolic Boost  
  26  2:19  Spine Crawler  
  25  2:26  Drone x3  
  28  2:30  Drone  
  28  2:35  Drone  
  30  2:43  Roach Warren  
  29  2:46  Drone x2  
  31  3:01  Extractor  
  31  3:02  Drone x2  
  31  3:03  Drone  
  33  3:08  Overlord  
  33  3:10  Overlord  
  33  3:18  Drone  
  34  3:33  Roach  
  48  3:34  Roach x7  
  50  3:42  Roach  
  50  3:44  Overlord x2  
  52  4:02  Queen  
  54  4:15  Overlord x2  
  54  4:17  Zergling x16  
  62  4:33  Hatchery, Spine Crawler  
  60  4:40  Zergling x14  
  67  5:00  Zergling x10  
  56  5:29  Ravager x3  
  34  6:06  Roach  
  34  6:07  Roach x4  
  34  6:08  Zergling x4  
  34  6:09  Queen, Zergling x8  
  52  6:11  Drone  
  52  6:12  Drone x3  
  55  6:34  Spine Crawler  
  54  7:03  Drone  
  54  7:04  Drone x12  
  67  7:08  Overlord  
  67  7:09  Overlord x2  
  62  7:16  Lair  
  62  7:18  Hatchery  
  57  7:48  Drone, Extractor  
  57  7:49  Drone x6  
  57  7:50  Drone x3, Extractor  
  65  7:51  Roach x2  
  69  8:01  Spine Crawler  
  66  8:19  Drone  
  67  8:20  Drone x5  
  67  8:22  Drone  
  67  8:24  Drone x2  
  67  8:25  Drone x3  
  78  8:27  Drone  
  78  8:28  Drone x2  
  78  8:30  Overlord, Extractor  
  78  8:31  Overlord  
  78  8:32  Extractor  
  79  8:34  Drone  
  79  8:35  Drone x2  
  79  8:39  Drone  
  79  8:40  Drone  
  84  8:41  Drone  
  84  8:42  Overlord  
  84  8:44  Glial Reconstitution  
  85  8:51  Evolution Chamber  
  85  8:53  Evolution Chamber  
  85  8:55  Spore Crawler  
  82  8:56  Baneling Nest  
  81  9:08  Hydralisk Den  
  80  9:11  Roach x13  
  80  9:12  Roach x8  
  80  9:13  Overlord  
  80  9:14  Overlord  
  80  9:16  Overlord  
  122  9:19  Pneumatized Carapace  
  122  9:24  Baneling Nest  
  122  9:26  Burrow  
  122  9:30  Zerg Ground Armor Level 1  
  122  9:31  Zerg Missile Weapons Level 1  
  121  9:52  Muscular Augments  
  121  10:02  Tunneling Claws  
  121  10:12  Overseer x2  
  121  10:29  Hydralisk x6, Roach  
  121  10:30  Hydralisk, Roach x5  
  147  10:41  Spore Crawler  
  144  10:44  Spore Crawler  
  144  10:46  Spore Crawler  
  144  10:47  Spore Crawler x2  
  136  10:50  Spore Crawler x4  
  136  10:52  Spore Crawler, Hydralisk  
  136  10:53  Hydralisk x4  
  121  11:15  Spine Crawler  
  121  11:17  Spine Crawler, Zergling x8  
  121  11:18  Roach x14, Zergling x12  
  76  12:04  Hydralisk x10  
  76  12:05  Hydralisk x6  
  108  12:11  Drone x3  
  108  12:13  Drone x2  
  108  12:15  Drone  
  114  12:20  Zerg Missile Weapons Level 2  
  115  12:22  Drone  
  115  12:29  Spore Crawler  
  114  12:31  Lurker Den  
  114  12:35  Zerg Ground Armor Level 2  
  112  12:58  Queen  
  112  13:00  Queen  
  97  13:49  Roach  
  97  13:50  Roach  
  87  14:09  Hydralisk x12  
  73  14:10  Hydralisk x11  
  104  14:49  Hatchery  
  102  15:05  Spire  
  101  15:28  Hatchery  
  100  15:30  Infestation Pit  
  99  15:45  Spore Crawler  
  98  15:51  Spore Crawler  
  98  15:54  Spore Crawler  
  96  16:10  Lurker x4  
  100  16:23  Spore Crawler  
  100  16:24  Spore Crawler  
  49  16:26  Spore Crawler  
  49  16:29  Hatchery  
Show
View Real Time Build Order
Export as new Build Order

Curiace Zerg - Winner!

Build Orders: Hatch First, Muta Ling Bane 

Get SALT Encoding   

  12  0:01  Drone  
  14  0:16  Overlord  
  14  0:20  Drone  
  14  0:35  Drone x2  
  16  0:45  Drone  
  17  0:55  Drone  
  18  1:00  Hatchery  
  17  1:06  Drone  
  18  1:14  Extractor  
  18  1:17  Drone  
  18  1:20  Spawning Pool  
  17  1:29  Drone  
  18  1:39  Overlord  
  18  1:57  Drone  
  19  2:02  Drone  
  20  2:10  Queen  
  20  2:12  Queen  
  20  2:13  Zergling x2  
  20  2:14  Zergling x2  
  26  2:20  Metabolic Boost  
  26  2:22  Drone  
  27  2:28  Drone  
  28  2:32  Drone  
  29  2:38  Drone  
  29  2:44  Overlord  
  30  2:50  Drone  
  31  3:01  Drone x2  
  31  3:05  Drone  
  34  3:14  Drone  
  35  3:27  Drone x3  
  35  3:33  Baneling Nest  
  37  3:36  Drone x2  
  37  3:37  Drone, Extractor  
  37  3:41  Drone x2, Extractor  
  40  3:49  Drone x2  
  40  3:52  Zergling x2  
  40  3:53  Zergling x2  
  44  4:03  Overlord  
  44  4:14  Overlord  
  44  4:25  Zergling x6  
  44  4:26  Zergling x10  
  44  4:28  Overlord  
  52  4:39  Spine Crawler, Baneling  
  52  4:40  Baneling  
  52  4:42  Zergling x8  
  52  4:43  Zergling x4  
  57  4:48  Drone  
  58  4:54  Lair  
  58  4:57  Baneling x2  
  58  4:59  Baneling x3  
  58  5:01  Zergling x4  
  60  5:11  Zergling x2  
  60  5:12  Zergling x8  
  58  5:18  Zergling x2  
  55  5:26  Baneling x3  
  55  5:27  Baneling x3  
  55  5:28  Zergling x12  
  51  5:29  Zergling x4  
  51  5:40  Zergling x4  
  45  5:44  Zergling x2  
  42  6:03  Drone x6  
  46  6:14  Drone x2  
  48  6:21  Queen x2  
  52  6:27  Zergling x6  
  55  6:36  Hatchery  
  55  6:39  Zergling x4  
  54  6:45  Baneling x2  
  54  6:46  Baneling x8  
  54  6:47  Zergling x4  
  56  6:58  Overlord  
  56  6:59  Overlord  
  56  7:15  Zergling x10  
  60  7:21  Zergling x2  
  57  7:41  Drone  
  57  7:42  Drone x3  
  54  7:47  Zergling x8  
  55  8:07  Drone x2, Spire  
  55  8:08  Drone  
  55  8:12  Drone x6  
  60  8:13  Drone x2  
  60  8:17  Extractor  
  61  8:29  Hatchery  
  61  8:32  Extractor x2  
  58  8:41  Drone x4  
  61  8:44  Drone x5  
  67  8:48  Zergling x2  
  67  8:49  Zergling x16  
  67  8:50  Hatchery  
  75  9:10  Overlord x4  
  75  9:25  Drone x3  
  75  9:30  Mutalisk  
  80  9:31  Mutalisk x8  
  96  9:39  Mutalisk  
  96  9:40  Mutalisk x5  
  108  9:54  Centrifical Hooks  
  108  10:09  Mutalisk  
  108  10:10  Mutalisk x2  
  114  10:15  Spore Crawler  
  114  10:17  Spore Crawler  
  106  10:36  Mutalisk x4  
  114  10:45  Mutalisk  
  116  11:03  Spine Crawler  
  113  11:04  Spine Crawler  
  113  11:05  Mutalisk x3  
  113  11:07  Spine Crawler  
  115  11:20  Overseer x2  
  115  11:24  Mutalisk  
  115  11:25  Mutalisk x2  
  118  11:43  Hatchery  
  114  11:47  Drone x2  
  114  11:48  Drone x5  
  116  12:10  Mutalisk  
  116  12:11  Mutalisk  
  120  12:22  Overlord x3  
  120  12:29  Zerg Flyer Weapons Level 1  
  120  12:32  Overlord x3  
  120  12:39  Queen  
  120  13:03  Drone x4  
  120  13:04  Drone x2  
  126  13:17  Hatchery  
  125  13:23  Hatchery  
  96  13:28  Zergling x22  
  96  13:29  Zergling x28  
  121  13:43  Zergling x14  
  121  13:44  Zergling x2  
  102  14:05  Zergling x2  
  102  14:06  Zergling x26  
  99  14:10  Evolution Chamber  
  99  14:11  Drone x3  
  99  14:12  Evolution Chamber  
  99  14:15  Overseer x2  
  98  14:40  Zergling x2  
  98  14:41  Zergling x26  
  112  14:48  Baneling  
  112  14:49  Baneling x17  
  112  14:50  Baneling x11  
  112  14:51  Queen  
  112  14:52  Queen x3  
  120  15:07  Infestation Pit  
  120  15:13  Mutalisk x6  
  131  15:28  Overseer  
  131  15:31  Zergling x2  
  131  15:32  Zergling x14  
  139  15:41  Extractor  
  138  15:45  Extractor  
  138  15:49  Drone x4  
  142  15:50  Drone  
  142  16:03  Baneling x7  
Tags
 
Add a new tag
Caveats
  • Supply blocks, unpowered buildings, or Contaminate may cause inaccurate times.
  • Supply counts are checked every 10 seconds.